 Dungeon Crawl Stone Soup version bcrawl-1.27.6 (console) character file.

Game seed: 1522515035346064581

218358 GodsVoicemail the Archer (level 10, -27/80 HPs)
             Began as a Centaur Arcane Marksman on Aug 7, 2020.
             Was a High Priest of Fedhas.
             Hit by a large rock thrown by a cyclops (32 damage)
             ... on level 10 of the Dungeon on Oct 4, 2020.
             The game lasted 01:53:25 (14948 turns).

GodsVoicemail the Archer (Centaur Arcane Marksman) Turns: 14948, Time: 01:53:26

Health: -27/80     AC: 14    Str: 15    XL:     10   Next: 96%
Magic:  25/25      EV:  8    Int: 16    God:    Fedhas [*****.]
Gold:   598        SH:  0    Dex: 13    Spells: 10/17 levels left

rFire    + . .     SeeInvis +   a - +5 short sword
rCold    + . .     Gourm    .   (no shield)
rNeg     . . .     Faith    .   z - +5 ring mail of Instinct {Int+3 SInv Stlth+}
rPois    .         Spirit   .   B - +0 helmet (curse)
rElec    .         Reflect  .   m - scarf {rC+ rF+}
rCorr    .         Harm     .   A - +0 pair of gloves
MR       +....     Rnd*Rage +   (no barding)
Stlth    +.........             (no amulet)
HPRegen  0.23/turn              y - ring of protection from magic
MPRegen  0.19/turn              x - ring of magical power

@: fainting, very quick
A: large, hooves 3, iridescent scales 1, berserk 1, deformed body, herbivore,
speed 2, tough skin 3
a: Fungal Bloom, Sunlight, Evolution, Growth, Reproduction, Rain, Renounce
Religion


You were on level 10 of the Dungeon.
You worshipped Fedhas.
Fedhas was extremely pleased with you.
You were fainting.

You visited 1 branch of the dungeon, and saw 10 of its levels.
You also visited: Sewer.

You collected 598 gold pieces.

Inventory:

Hand Weapons
 a - a +5 short sword (weapon)
 b - a +2 shortbow
 q - a +0 blowgun
 t - a +0 long sword
Missiles
 c - 26 needles of frenzy {=f}
 f - 1219 arrows
 g - 628 sling bullets
 j - 1003 stones
 l - 225 poisoned tomahawks
 n - 29 javelins (quivered)
 w - 131 poisoned needles
Armour
 m - a scarf of resistance (worn)
 z - the +5 ring mail of Instinct (worn) {Int+3 SInv Stlth+}
   (You found it on level 5 of the Dungeon)

   It affects your intelligence (+3).
   It lets you see invisible.
   It makes you more stealthy.
 A - a +0 pair of gloves (worn)
 B - a cursed +0 helmet (worn)
Jewellery
 u - an uncursed ring of ice
 x - a ring of magical power (right hand)
 y - a ring of protection from magic (left hand)
Wands
 k - a wand of disintegration (8)
 p - a wand of polymorph (7)
Scrolls
 h - a scroll of remove curse
 i - 4 scrolls of identify
 o - a scroll of magic mapping
 r - 2 scrolls of immolation
 v - a scroll of enchant armour
Potions
 d - a potion of mutation
 e - a potion of curing


   Skills:
 - Level 4.9 Fighting
 - Level 4.4(6.9) Short Blades
 * Level 9.8(10.4) Long Blades
 * Level 13.2 Bows
 - Level 1.3 Dodging
 + Level 4.4 Spellcasting
 - Level 5.4 Hexes
 + Level 0.1 Charms
 + Level 0.1 Fire Magic
 + Level 2.1 Invocations
 + Level 1.8 Evocations


You had 10 spell levels left.
You knew the following spells:

 Your Spells              Type           Power        Failure   Level  Hunger
a - Flaming Arrows        Chrm/Fire      #.......     41%         2    None
b - Shackle               Hex            ###.....     5%          2    None
c - Inner Flame           Hex/Fire       N/A          30%         3    ###....

Your spell library contained the following spells:

 Spells                   Type           Power        Failure   Level  Hunger
 Corona                   Hex            ###....      3%          1    None
 Flame Tongue             Conj/Fire      #....        30%         1    None
 False Image              Hex/Summ       ##......     32%         3    ###....
 Cause Fear               Hex            ###.......   34%         4    #####..
 Conjure Flame            Conj/Fire      #.......     67%         3    ###....
 Yara's Violent Unravell  Hex/Tmut       ##........   71%         4    #####..
 Silence                  Hex/Air        ##........   96%         5    ######.
 Sticky Flame             Conj/Fire      #.......     97%         4    #####..
 Fireball                 Conj/Fire      #.........   100%        5    ######.
 Iskenderun's Battlesphe  Conj/Chrm      #.......     100%        5    ######.
 Piercing Shot            Chrm           #.........   100%        5    ######.
 Deflect Missiles         Chrm/Air       #.........   100%        6    #######
 Infestation              Hex/Tmut/Pois  #........    100%        6    #######
 Discord                  Hex            ###.......   100%        8    #######


Dungeon Overview and Level Annotations

Branches:
Dungeon (10/12)            Temple (0/1) D:6            Lair (0/6) D:7
    Orc (0/1) D:10

Altars:
Dithmenos
Fedhas
Gozag
Okawaru
Trog
Wu Jian
Xom
Yredelemnul

Annotations:
D:5 3 runed translucent doors, yrara's ghost, novice DsFi
D:6 exclusion: downstairs
D:7 Joseph


Innate Abilities, Weirdness & Mutations

You have hooves in place of feet.
Armour fits poorly on your strangely shaped body.
You are a herbivore.
You cover ground very quickly.
You have extremely tough skin. (AC +3)
You are partially covered in iridescent scales. (AC +2)
You tend to lose your temper in combat.


Message History

You feel extremely strange.
You feel agile.
You no longer feel heat resistant.
You no longer feel jittery.
You feel a little pissed off.
Iridescent scales grow over part of your body.
A crimson imp comes into view.
The crimson imp shouts!
You open the door.
The crimson imp blinks!
The sky beast hits you but does no damage.
A cyclops comes into view.
You have encountered a dangerous foe!
There is an open door here.
Found a stone staircase leading down.
An orc comes into view. It is wielding a +0 dagger.
The cyclops throws a large rock.
The large rock hits you!
* * * LOW HITPOINT WARNING * * *
Found a stone staircase leading down.
The orc shouts!
The cyclops throws a large rock.
The large rock hits you!!
You die...
Fedhas appreciates your contribution to the ecosystem.

#....Y....###
#.#
#.......T.#
...
####5######
### #..##
##..# ##Y#
####.####
###.......# ?
#.o.@..C..# .
#.#.......#
#. #.......#
#.......#
#.......#
#>......#
##.###### #/.


You could see a cyclops, a sky beast and an orc.

Vanquished Creatures
  A centaur warrior (D:8)
  3 trolls
  3 hippogriffs
  Grinder (D:3)
  Prince Ribbit (D:7)
  A wyvern (D:9)
  6 yaks
  A vampire (D:8)
  Grum (D:9)
  Eustachio (D:6)
  3 wargs (D:7)
  Menkaure (D:7)
  3 water moccasins
  2 ice beasts
  2 orc warriors
  2 necrophages
  2 wolves (D:9)
  4 ogres
  3 centaurs
  7 bullfrogs
  A big kobold (D:8)
  3 wights (D:7)
  2 crimson imps
  A quasit (D:7)
  A bullfrog zombie (D:7)
  2 hounds (D:7)
  3 jellies
  2 bullfrog skeletons
  2 orc priests
  7 orc wizards
  An iguana (D:6)
  5 worker ants
  A killer bee zombie (D:8)
  2 hound skeletons
  A worker ant zombie (D:7)
  10 gnolls
  A howler monkey skeleton (D:6)
  16 adders
  2 shadow imps (D:6)
  14 oozes
  3 adder skeletons
  7 worms
  3 dart slugs
  16 leopard geckos
  40 orcs
  16 giant cockroaches
  5 goblins
  6 hobgoblins
  8 jackals
  3 quokkas
  15 ball pythons
  5 bats
  11 frilled lizards
  2 jackal skeletons
  15 kobolds
  7 rats
287 creatures vanquished.

Vanquished Creatures (others)
  A wizard (D:3)
  A wandering mushroom (D:9)
  2 worker ant zombies
  3 fungi (D:5)
  3 plants
  163 toadstools
173 creatures vanquished.

Grand Total: 460 creatures vanquished

Notes
Turn   | Place    | Note
-------+----------+-------------------------------------------
     0 | D:1      | GodsVoicemail the Centaur Arcane Marksman began the quest
                  | for the Orb.
     0 | D:1      | Reached XP level 1. HP: 17/17 MP: 3/3
   166 | D:1      | Reached skill level 3 in Bows
   311 | D:1      | Reached skill level 1 in Short Blades
   311 | D:1      | Reached XP level 2. HP: 15/24 MP: 5/5
   363 | D:1      | Learned a level 2 spell: Shackle
   707 | D:1      | Reached XP level 3. HP: 28/29 MP: 6/6
  1111 | D:2      | Found a shadowy altar of Dithmenos.
  1162 | D:2      | Reached skill level 4 in Bows
  1457 | D:1      | Reached XP level 4. HP: 15/36 MP: 7/7
  1626 | D:2      | Learned a level 3 spell: Inner Flame
  1961 | D:2      | Found a blossoming altar of Fedhas.
  2029 | D:2      | Became a worshipper of Fedhas Madash
  2460 | D:3      | Noticed Grinder
  2796 | D:3      | Reached skill level 5 in Bows
  2796 | D:3      | Reached XP level 5. HP: 32/41 MP: 8/8
  3077 | D:3      | Found an opulent altar of Gozag.
  3374 | D:4      | Found a basalt altar of Yredelemnul.
  3467 | D:4      | Noticed an ogre
  3492 | D:4      | Killed an ogre
  3492 | D:4      | Reached * piety under Fedhas
  3492 | D:4      | Reached skill level 6 in Bows
  3492 | D:4      | Reached XP level 6. HP: 48/48 MP: 6/9
  3550 | D:4      | Noticed a water moccasin
  4548 | D:5      | Entered Level 5 of the Dungeon
  4574 | D:5      | Found a runed translucent gate.
  4574 | D:5      | Found a runed translucent gate.
  4574 | D:5      | Found a runed translucent gate.
  4575 | D:5      | Identified the cursed +1 short sword "Orb Guardian's Bane"
                  | {venom, Fragile rF+ rC+ Stlth+}
  4575 | D:5      | Noticed yrara's ghost (novice DsFi)
  4913 | D:5      | Upgraded the game from bcrawl-1.27.3 to bcrawl-1.27.6
  5224 | D:5      | Reached skill level 7 in Bows
  5353 | D:5      | Got a crude ring mail
  5382 | D:5      | Identified the +5 ring mail of Instinct {Int+3 SInv Stlth+}
                  | (You found it on level 5 of the Dungeon)
  5467 | D:5      | Reached XP level 7. HP: 40/55 MP: 10/10
  5554 | D:5      | Reached skill level 1 in Long Blades
  5596 | D:5      | HP: 2/55 [centaur/arrow (10)]
  5955 | D:4      | Reached ** piety under Fedhas
  5955 | D:4      | Reached skill level 8 in Bows
  6177 | D:5      | Reached XP level 8. HP: 36/66 MP: 11/11
  6592 | D:6      | Found a staircase to the Ecumenical Temple.
  6625 | D:6      | Found a glowing drain.
  6683 | Sewer    | Entered a sewer
  6982 | Sewer    | Reached skill level 9 in Bows
  7065 | Sewer    | Gained mutation: You are clumsy. (Dex -2) [potion of
                  | mutation]
  7065 | Sewer    | Gained mutation: Your flesh is heat resistant. (rF+)
                  | [potion of mutation]
  7065 | Sewer    | Gained mutation: You can translocate small distances at
                  | will. [potion of mutation]
  7290 | D:6      | Noticed Eustachio
  7322 | D:6      | Reached *** piety under Fedhas
  7322 | D:6      | Reached skill level 5 in Long Blades
  7443 | D:6      | Noticed a hippogriff
  7609 | D:6      | Killed a hippogriff
  8237 | D:6      | Killed Eustachio
  8237 | D:6      | Reached skill level 10 in Bows
  8775 | D:7      | Noticed Prince Ribbit
  8988 | D:7      | Noticed Joseph
  8997 | D:7      | Reached XP level 9. HP: 73/73 MP: 12/12
  9027 | D:7      | Found a staircase to the Lair.
  9117 | D:7      | Noticed Menkaure
  9133 | D:7      | HP: 3/73 [warg (8)]
  9296 | D:7      | Reached **** piety under Fedhas
  9393 | D:7      | Killed Menkaure
  9656 | D:3      | Found an opulent altar of Gozag.
  9831 | D:3      | Paralysed by Grinder for 4 turns
  9845 | D:3      | Killed Grinder
 10047 | D:3      | Found a bloodstained altar of Trog.
 10048 | D:3      | Noticed a wizard
 10054 | D:3      | Killed a wizard
 10385 | D:7      | Reached skill level 11 in Bows
 10671 | D:7      | Found an iron altar of Okawaru.
 10696 | D:7      | Killed Prince Ribbit
 10812 | D:7      | Found a shimmering altar of Xom.
 10956 | D:8      | Got a brightly glowing war axe
 11401 | D:8      | Noticed a troll
 11484 | D:8      | Killed a troll
 11484 | D:8      | Reached ***** piety under Fedhas
 11484 | D:8      | Reached XP level 10. HP: 41/80 MP: 14/14
 11653 | D:8      | Reached skill level 12 in Bows
 12518 | D:8      | Noticed a centaur warrior
 12527 | D:9      | Noticed Grum
 12547 | D:8      | Killed a centaur warrior
 12757 | D:8      | Reached skill level 5 in Hexes
 13459 | D:8      | Reached skill level 1 in Invocations
 13649 | D:7      | Reached skill level 1 in Evocations
 13913 | D:9      | Reached skill level 13 in Bows
 13973 | D:9      | Killed Grum
 14411 | D:9      | Found an ornate altar of the Wu Jian Council.
 14718 | D:9      | Learned a level 2 spell: Flaming Arrows
 14833 | D:10     | Entered Level 10 of the Dungeon
 14833 | D:10     | Found a staircase to the Orcish Mines.
 14935 | D:10     | Lost mutation: You are clumsy. (Dex -2) [potion of
                  | mutation]
 14935 | D:10     | Lost mutation: Your flesh is heat resistant. (rF+) [potion
                  | of mutation]
 14935 | D:10     | Lost mutation: You can translocate small distances at will.
                  | [potion of mutation]
 14935 | D:10     | Gained mutation: You tend to lose your temper in combat.
                  | [potion of mutation]
 14935 | D:10     | Gained mutation: You are partially covered in iridescent
                  | scales. (AC +2) [potion of mutation]
 14942 | D:10     | Noticed a cyclops
 14946 | D:10     | HP: 4/80 [cyclops/large rock (10)]
 14948 | D:10     | Hit by a large rock thrown by a cyclops

Skill      XL: |  1  2  3  4  5  6  7  8  9 10 |
---------------+-------------------------------+-----
Bows           | 3 4 5 6 7 8 10 11 13 | 13.2
Short Blades   | 1 2 3 4 |  4.4
Long Blades    | 3 6 8 9 |  9.8
Fighting       | 3 4 |  4.9
Hexes          | 3 4 5 |  5.4
Spellcasting   | 3 4 |  4.4
Invocations    | 2 |  2.1
Evocations     | 1 |  1.8
Dodging        | |  1.3
Charms         | |  0.1
Fire Magic     | |  0.1

Action                   |  1- 3 |  4- 6 |  7- 9 | 10-12 || total
-------------------------+-------+-------+-------+-------++-------
Melee: Dagger            |    30 |       |       |       ||    30
       Kick              |    14 |    48 |    91 |    81 ||   234
       Short sword       |    75 |   190 |    49 |   264 ||   578
       Long sword        |       |    18 |   411 |       ||   429
 Fire: Shortbow          |     9 |    61 |   218 |    90 ||   378
       Blowgun           |       |       |       |     2 ||     2
Throw: Stone             |    72 |   117 |    11 |       ||   200
       Javelin           |       |       |     7 |     6 ||    13
       Tomahawk          |       |       |       |     2 ||     2
 Cast: Shackle           |     1 |     6 |       |       ||     7
       Corona            |       |     2 |       |       ||     2
Invok: Fungal Bloom      |       |    23 |    36 |    18 ||    77
       Rain              |       |       |       |     1 ||     1
       Evolution         |       |       |       |     1 ||     1
 Abil: Blink             |       |       |     1 |     3 ||     4
Evoke: Wand              |       |       |     4 |     1 ||     5
  Use: Potion            |       |     6 |    12 |     4 ||    22
       Scroll            |       |     2 |    14 |     4 ||    20
  Eat: Ration            |     1 |     6 |     8 |     4 ||    19
Armor: Robe              |    19 |       |       |       ||    19
       Ring mail         |     3 |    76 |   315 |   106 ||   500
Dodge: Dodged            |    43 |    94 |   231 |    81 ||   449
Block: Other             |       |       |    14 |       ||    14
